(2VS2)Loss vs Sheenhochul 플랙건스팸

Match 19134647
End
Construct Barracks
Selects Special Operations Battlegroup
Selects Special Operations Battlegroup
Riflemen Squad
Riflemen Squad
Riflemen Squad
Infantry Support Center
M1 Mortar Team
Advanced Logistics
Construct Medical Station
Selects M29 Weasel with M1 Pack Howitzer
Selects Raiding Flares
Raiding Flares
M29 Weasel with M1 Pack Howitzer
Raiding Flares
Construct Motor Pool
M24 Chaffee Light Tank
M24 Chaffee Light Tank
Selects Mark Vehicle
M24 Chaffee Light Tank
Grenade Package
Engineer Squad
M24 Chaffee Light Tank
Raiding Flares
M24 Chaffee Light Tank
Engineer Squad
Raiding Flares
Mark Vehicle
Selects M4A1 Sherman Whizbang
M4A1 Sherman Whizbang
(KCC)AlwaysMGfirst
불꽃남자박상준
Brother from another mother
sheenhochul
0
0

Comments sign in to comment!

No comments posted yet!